 Dungeon Crawl Stone Soup version 0.24.0-28-g17ded55e90 (webtiles) character file.

Game seed: 17951315446123845912, levelgen mode: deterministic

1723330 Thantalas the Demon Slayer (level 27, 232/232 HPs)
             Began as a Hill Orc Monk on Nov 11, 2019.
             Was a High Priest of the Shining One.
             Escaped with the Orb
             ... and 3 runes on Nov 12, 2019!
             The game lasted 03:48:58 (68892 turns).

Thantalas the Demon Slayer (Hill Orc Monk)         Turns: 68892, Time: 03:48:58

Health: 232/232    AC: 42    Str: 33    XL:     27
Magic:  31/31      EV: 23    Int: 13    God:    the Shining One [*****.]
Gold:   5142       SH: 21    Dex: 19    Spells: 27/49 levels left

rFire    + + +     SeeInvis +   a - +9 broad axe (holy)
rCold    + + .     Gourm    .   K - +5 shield {reflect}
rNeg     + + +     Faith    .   j - +10 plate armour of Ysauno {rF+++ rC- SInv}
rPois    +         Spirit   .   P - +2 helmet of the Gloaming {rC+ Slay+2}
rElec    +         Reflect  +   g - +1 cloak of Starlight {rElec rC+ EV+4 Stlth--}
rCorr    .         Harm     .   i - +2 pair of gloves {Str+3}
MR       ++++.     Rnd*Rage +   C - +2 pair of boots {Stlth+} Stlth ..........Rnd*Tele +
                                h - amulet of the Moon {RegenMP *Drain rElec rF+ MR++}
HPRegen  0.48/turn              M - ring "Kisinn" {+Fly rElec rN+ Str+3 Dex+4}
MPRegen  0.47/turn              V - ring "Ageebykk" {rPois rC+ Int+5 Dex+4}

@: glowing
A: iridescent scales 1, camouflage 1, berserk 2, blurry vision 2, clumsy 1,
deformed body, dopey 1, frail 1, low mp 2, sense surroundings 2, shaggy fur 1,
teleportitis 2, subdued magic 2
0: Orb of Zot
}: 3/15 runes: serpentine, barnacled, silver
a: Divine Shield, Cleansing Flame, Summon Divine Warrior, Renounce Religion,
Evoke Flight


You escaped.
You worshipped the Shining One.
The Shining One was extremely pleased with you.
You were not hungry.

You visited 11 branches of the dungeon, and saw 52 of its levels.
You visited the Abyss 3 times.
You visited 1 bazaar.
You also visited: Bailey and Ice Cave.

You collected 9356 gold pieces.
You spent 4214 gold pieces at shops.

Inventory:

Hand Weapons
 a - a +9 broad axe of holy wrath (weapon)
   (You found it in an ice cave)
 b - a +8 broad axe of venom
   (You took it off a vault guard on level 5 of the Vaults)
Missiles
 G - 5 throwing nets (quivered) {!f}
Armour
 g - the +1 cloak of Starlight (worn) {rElec rC+ EV+4 Stlth--}
   (You found it on level 3 of the Depths)

   It affects your evasion (+4).
   It protects you from cold.
   It insulates you from electricity.
   It makes you much less stealthy.
 i - a +2 pair of gloves of strength (worn)
   (You bought it in a shop on level 4 of the Dungeon)
 j - the +10 plate armour of Ysauno (worn) {rF+++ rC- SInv}
   (You found it on level 4 of the Depths)

   It renders you almost immune to fire.
   It makes you vulnerable to cold.
   It lets you see invisible.
 C - a +2 pair of boots of stealth (worn)
   (You found it in a bailey)
 K - a +5 shield of reflection (worn)
   (You took it off Donald on level 2 of the Vaults)
 P - the +2 helmet of the Gloaming (worn) {rC+ Slay+2}
   (You bought it in a shop on level 3 of the Shoals)

   It affects your accuracy and damage with ranged weapons and melee attacks
   (+2).
   It protects you from cold.
Jewellery
 h - the amulet of the Moon (around neck) {RegenMP *Drain rElec rF+ MR++}
   (You took it off a yaktaur on level 1 of the Vaults)

   [amulet of magic regeneration]

   It increases your magic regeneration.
   It protects you from fire.
   It insulates you from electricity.
   It affects your resistance to hostile enchantments.
   It causes draining when unequipped.
 M - the ring "Kisinn" (left hand) {+Fly rElec rN+ Str+3 Dex+4}
   (You bought it in a shop on level 7 of the Dungeon)

   [ring of flight]

   It affects your strength (+3).
   It affects your dexterity (+4).
   It insulates you from electricity.
   It protects you from negative energy.
   It lets you fly.
 V - the ring "Ageebykk" (right hand) {rPois rC+ Int+5 Dex+4}
   (You found it on level 4 of the Depths)

   [ring of intelligence]

   It affects your intelligence (+5).
   It affects your dexterity (+4).
   It protects you from cold.
   It protects you from poison.
Wands
 d - a wand of iceblast (35)
   (You found it on level 1 of the Shoals)
 e - a wand of disintegration (11)
   (You found it on level 1 of the Crypt)
 t - a wand of flame (81)
   (You found it on level 12 of the Dungeon)
 u - a wand of paralysis (24)
   (You took it off a centaur on level 6 of the Dungeon)
 v - a wand of digging (7)
   (You found it on level 7 of the Dungeon)
 x - a wand of acid (10)
   (You found it on level 4 of the Dungeon)
 R - a wand of scattershot (5)
   (You found it on level 13 of the Dungeon)
Scrolls
 k - 8 scrolls of fear
 l - 10 scrolls of amnesia
 E - a scroll of enchant armour
 F - 6 scrolls of blinking
 H - 17 scrolls of teleportation {@r4}
 L - 23 scrolls of remove curse {@r2}
 N - 6 scrolls of fog
 W - 8 scrolls of identify {@r1}
Potions
 m - a potion of berserk rage
 r - 8 potions of flight
 s - 2 potions of ambrosia
 w - 2 potions of haste {@q3}
 A - 13 potions of curing {@q1}
 B - 8 potions of brilliance
 I - 11 potions of lignification {!q}
 J - 2 potions of magic
Miscellaneous
 p - a lightning rod (4/4) {!a}
   (You found it on level 2 of the Vaults)
 z - a lamp of fire
   (You found it on level 1 of the Elven Halls)
Comestibles
 f - 43 rations {!d}


   Skills:
 + Level 23.0 Fighting
 - Level 18.0 Axes
 + Level 21.2 Armour
 + Level 13.3 Dodging
 - Level 1.5 Stealth
 - Level 15.0 Shields
 + Level 11.9 Spellcasting
 - Level 5.0 Charms
 + Level 6.0 Summonings
   Level 7.0 Necromancy
 + Level 12.0 Transmutations
 - Level 5.0 Air Magic
 + Level 14.9 Earth Magic
 + Level 24.2 Invocations
 - Level 7.0 Evocations


You had 27 spell levels left.
You knew the following spells:

 Your Spells              Type           Power        Failure   Level  Hunger
a - Deflect Missiles      Chrm/Air       ##........   99%         6    ######.
b - Blink                 Tloc           N/A          34%         2    None
g - Apportation           Tloc           #.....       24%         1    None
u - Statue Form           Tmut/Erth      ####.....    13%         6    ######.
A - Song of Slaying       Chrm           ##......     3%          2    None
B - Summon Lightning Spi  Summ/Air       ##......     24%         4    ###....
C - Summon Butterflies    Summ           ##......     1%          1    None

Your spell library contained the following spells:

 Spells                   Type           Power        Failure   Level  Hunger
 Sandblast                Erth           ####..       0%          1    None
 Animate Skeleton         Necr           N/A          1%          1    None
 Pain                     Necr           ###.         1%          1    None
 Summon Small Mammal      Summ           ##..         1%          1    None
 Corpse Rot               Necr           N/A          1%          2    None
 Passwall                 Tmut/Erth      ####....     1%          2    None
 Sublimation of Blood     Necr           ###.......   1%          2    None
 Petrify                  Tmut/Erth      ####....     1%          4    ###....
 Lee's Rapid Deconstruct  Erth           ####......   1%          5    #####..
 Infusion                 Chrm           ##..         2%          1    None
 Call Imp                 Summ           ##......     2%          2    None
 Stone Arrow              Conj/Erth      ###...       2%          3    None
 Swiftness                Chrm/Air       ##......     3%          2    None
 Call Canine Familiar     Summ           ##......     4%          3    None
 Regeneration             Chrm/Necr      ##........   4%          3    None
 Spider Form              Tmut/Pois      ##........   5%          3    None
 Shock                    Conj/Air       #...         8%          1    None
 Leda's Liquefaction      Hex/Erth       ###.......   10%         4    ###....
 Poisonous Vapours        Pois/Air       #.....       12%         2    None
 Shroud of Golubria       Chrm/Tloc      #.....       12%         2    None
 Ignite Poison            Fire/Tmut/Pois ##......     13%         3    None
 Summon Guardian Golem    Hex/Summ       #.......     19%         3    None
 Ice Form                 Ice/Tmut       ##......     19%         4    ###....
 Confusing Touch          Hex            #.....       24%         1    None
 Flame Tongue             Conj/Fire      #....        24%         1    None
 Magic Dart               Conj           #...         24%         1    None
 Sting                    Conj/Pois      #...         24%         1    None
 Ozocubu's Armour         Chrm/Ice       #.......     26%         3    None
 Spectral Weapon          Hex/Chrm       #.......     26%         3    None
 Static Discharge         Conj/Air       #.......     26%         3    None
 Hydra Form               Tmut           ###.......   26%         6    ######.
 Airstrike                Air            ##........   30%         4    ###....
 Searing Ray              Conj           #.....       34%         2    None
 Slow                     Hex            #.......     34%         2    None
 Throw Flame              Conj/Fire      #.....       34%         2    None
 Mephitic Cloud           Conj/Pois/Air  #.......     34%         3    None
 Alistair's Intoxication  Tmut/Pois      ##......     50%         5    #####..
 Irradiate                Conj/Tmut      ##........   50%         5    #####..
 Yara's Violent Unravell  Hex/Tmut       ##........   50%         5    #####..
 Summon Ice Beast         Ice/Summ       #.......     56%         4    ###....
 Confuse                  Hex            #.......     58%         3    None
 Conjure Flame            Conj/Fire      #.......     58%         3    None
 Dazzling Spray           Conj/Hex       #.....       58%         3    None
 Gell's Gravitas          Tloc           #.........   58%         3    None
 Inner Flame              Hex/Fire       #.......     58%         3    None
 Lesser Beckoning         Tloc           #.........   58%         3    None
 Tukima's Dance           Hex            #.......     58%         3    None
 Bolt of Magma            Conj/Fire/Erth ##........   67%         5    #####..
 Dragon Form              Tmut           ###.......   83%         7    #######
 Iron Shot                Conj/Erth      ###.......   88%         6    ######.
 Summon Forest            Summ/Tloc      #.........   90%         5    #####..
 Cause Fear               Hex            #.........   95%         4    ###....
 Force Lance              Conj/Tloc      #.......     95%         4    ###....
 Fulminant Prism          Conj/Hex       #.........   95%         4    ###....
 Iskenderun's Mystic Bla  Conj           #.......     95%         4    ###....
 Olgreb's Toxic Radiance  Pois           #.......     95%         4    ###....
 Sticky Flame             Conj/Fire      #.......     95%         4    ###....
 Iskenderun's Battlesphe  Conj/Chrm      #.......     95%         5    #####..
 Lightning Bolt           Conj/Air       #.........   95%         5    #####..
 Silence                  Hex/Air        #.........   95%         5    #####..
 Fireball                 Conj/Fire      #.........   100%        5    #####..
 Metabolic Englaciation   Hex/Ice        #.........   100%        5    #####..
 Venom Bolt               Conj/Pois      #.........   100%        5    #####..
 Bolt of Cold             Conj/Ice       #.........   100%        6    ######.
 Conjure Ball Lightning   Conj/Air       #.........   100%        6    ######.
 Freezing Cloud           Conj/Ice/Air   #.........   100%        6    ######.
 Invisibility             Hex            #.......     100%        6    ######.
 Ozocubu's Refrigeration  Ice            #.........   100%        6    ######.
 Poison Arrow             Conj/Pois      #.........   100%        6    ######.
 Simulacrum               Ice/Necr       ##........   100%        6    ######.
 Malign Gateway           Summ/Tloc      #.........   100%        7    #######
 Monstrous Menagerie      Summ           ##........   100%        7    #######
 Orb of Destruction       Conj           #.........   100%        7    #######
 Spellforged Servitor     Conj/Summ      #.........   100%        7    #######
 Summon Greater Demon     Summ           ##........   100%        7    #######
 Summon Hydra             Summ           ##........   100%        7    #######
 Chain Lightning          Conj/Air       #.........   100%        8    #######
 Discord                  Hex            #.........   100%        8    #######
 Ignition                 Fire           #.........   100%        8    #######
 Lehudib's Crystal Spear  Conj/Erth      ###.......   100%        8    #######
 Summon Horrible Things   Summ           ##........   100%        8    #######
 Fire Storm               Conj/Fire      #.........   100%        9    #######
 Glaciate                 Conj/Ice       #.........   100%        9    #######
 Shatter                  Erth           ####......   100%        9    #######
 Tornado                  Air            ##........   100%        9    #######


Dungeon Overview and Level Annotations

Branches:
Dungeon (15/15)            Temple (1/1) D:5            Lair (6/6) D:11
 Shoals (4/4) Lair:3        Snake (4/4) Lair:4        Slime (0/5) Lair:6
    Orc (2/2) D:10            Elf (2/3) Orc:2        Vaults (5/5) D:14
  Crypt (3/3) Vaults:2       Tomb (0/3) Crypt:3      Depths (5/5) D:15
    Zot (5/5) Depths:5     Bailey (visited)           IceCv (visited)

Altars:
Ashenzari
Cheibriados
Dithmenos
Elyvilon
Fedhas
Gozag
Hepliaklqana
Kikubaaqudgha
Makhleb
Nemelex Xobeh
Okawaru
Qazlal
Ru
Sif Muna
Trog
Uskayaw
Vehumet
Wu Jian
Xom
Yredelemnul
Zin
The Shining One
Jiyva

Shops:
D:4 [   D:7 =   Orc:2 *(=   Elf:2 *   Shoals:2 *   Shoals:3 [   Snake:4 (
Vaults:4 %

Portals:
Hell: Depths:1 Depths:2 Depths:3 Depths:4 Depths:5
Abyss: Depths:2 Depths:4
Pandemonium: Depths:3 Depths:4
Ziggurat: Depths:1
Trove: Vaults:4 (give 2 scrolls of acquirement)

Annotations:
D:5 3 runed translucent doors, Zaque's ghost, amateur TrHu
D:9 1 runed translucent door, PentaManta's ghost, journeyman OpAs
D:15 Urug
Lair:5 3 runed translucent doors, Curus's ghost, journeyman MiGl
Depths:4 2 runed translucent doors


Innate Abilities, Weirdness & Mutations

You are partially covered in iridescent scales. (AC +2)
Your skin changes colour to match your surroundings (Stealth+).
You often lose your temper in combat.
Scrolls take you longer to read.
You are clumsy. (Dex -2)
Armour fits poorly on your strangely shaped body.
You are dopey. (Int -2)
You are frail. (-10% HP)
Your magical capacity is very low. (-20% MP)
You passively map the area around you.
You are covered in fur. (AC +1)
You are sometimes teleported next to monsters.
Your spells are easier to cast, but less powerful.


Message History

There is a stone staircase leading up here.
You climb upwards.
There is a stone staircase leading down here.
(D) Dungeon (T) Temple (L) Lair (A) Shoals (P) Snake Pit (M) Slime Pits (O) Orcish Mines (E) Elven Halls (V) Vaults (C) Crypt (W) Tomb (U) Depths (H) Hell (Z) Zot
Where to? (* - list waypoints, Enter - D:2, ? - help)
An efreet comes into view.
It is wielding a +3 scimitar of flaming.
You cut the efreet into ribbons!!!
You kill the efreet!
The Shining One accepts your kill.
You see here a +3 scimitar of flaming.
Really walk into that cloud of flame? [Y]es or [N]o only, please.
Really walk into that cloud of flame?
Okay, then.
Unknown command.
Unknown command.
Really walk into that cloud of flame? [Y]es or [N]o only, please.
Really walk into that cloud of flame? [Y]es or [N]o only, please.
Really walk into that cloud of flame? [Y]es or [N]o only, please.
Really walk into that cloud of flame? [Y]es or [N]o only, please.
Really walk into that cloud of flame?
Okay, then.
You hear a grinding noise.
You hear a grinding noise.
There is a stone staircase leading up here.
You climb upwards.
There is a stone staircase leading down here.
(D) Dungeon (T) Temple (L) Lair (A) Shoals (P) Snake Pit (M) Slime Pits (O) Orcish Mines (E) Elven Halls (V) Vaults (C) Crypt (W) Tomb (U) Depths (H) Hell (Z) Zot
Where to? (* - list waypoints, Enter - D:1, ? - help)
Okay, then.
Unknown command.
Unknown command.
You see here a dagger.
There is an open door here.
There is a staircase leading out of the dungeon here.
You begin reading the scroll.
You continue reading the scroll.
As you read the scroll of brand weapon, it crumbles to dust.
Your +8 broad axe of flaming drips with poison.
b - a +8 broad axe of venom You have escaped!

##..#.# #...#≈.≈#§≈≈#
.#..#.#####...#≈.≈#≈≈.#
.#..#.....#...#≈.≈#≈..#
÷#..#####.#...#...#...#
##..# #.#...........#
....# #.#...........#
##.######.#...........#
#.....##.#...........#
######.##.#.....@.....#
.....#.##.#...........#
####.#.##.##############
####.#.................#
.....####..............#
###### #.#.############
#####


There were no monsters in sight!

Vanquished Creatures
  2 pandemonium lords (Zot:5)
  4 ancient liches
  Mennas (Crypt:1)
  5 orbs of fire (Zot:5)
  Mara (Crypt:1)
  3 greater mummies (Crypt:1)
  Boris (Crypt:1)
  5 Killer Klowns (Zot:5)
  3 caustic shrikes
  Xtahua (Vaults:2)
  6 golden dragons
  A bone dragon (Crypt:3)
  2 profane servitors
  8 liches
  5 electric golems
  13 tentacled monstrosities
  A deep elf blademaster (Elf:2)
  6 titans
  23 Orb Guardians (Zot:5)
  4 quicksilver dragons
  An Executioner (Abyss:2)
  An ancient champion (Crypt:1)
  2 sphinxes
  13 death cobs
  Polyphemus (Shoals:2)
  2 tentacled starspawn (Abyss:2)
  A kraken (Shoals:4)
  5 draconian monks
  13 tengu reavers
  13 storm dragons
  2 revenants
  6 shadow dragons
  10 fire giants
  A deep elf sorcerer (Vaults:5)
  6 frost giants
  2 ghost moths (Zot:5)
  3 draconian scorchers
  4 nagarajas
  4 draconian shifters
  15 vault wardens
  15 orc warlords
  A cacodemon (Abyss:2)
  3 draconian stormcallers
  A deep elf elementalist (Vaults:5)
  4 ghouls
  A reaper (Crypt:2)
  5 war gargoyles
  A spriggan defender (Depths:2)
  13 very ugly things
  An angel (Zot:4)
  A curse skull (Crypt:1)
  3 draconian annihilators
  20 stone giants
  13 ironheart preservers
  7 vampire knights
  A deep elf demonologist (Vaults:5)
  9 green draconians
  9 black draconians
  5 yellow draconians
  2 deep elf annihilators
  5 white draconians
  2 lorocyprocas
  7 purple draconians
  9 red draconians
  2 spark wasps (Depths:1)
  3 eidola
  4 deep elf death magi
  11 ettins
  An ettin (shapeshifter) (Vaults:5)
  2 blizzard demons (Abyss:2)
  5 crystal guardians
  2 merfolk javelineers (Shoals:4)
  6 ogre magi
  3 fire dragons
  10 jiangshi (Crypt:1)
  4 merfolk impalers
  4 great orbs of eyes
  2 mummy priests (Crypt:1)
  2 quicksilver dragon zombies (Crypt:3)
  16 yaktaur captains
  3 ice dragons
  A quicksilver dragon skeleton (Crypt:3)
  8 naga warriors
  29 vault guards
  5 hydras
  An alligator snapping turtle (Shoals:4)
  6 spriggan air magi
  8 rakshasas
  A catoblepas (Shoals:2)
  5 centaur warriors
  A merfolk avatar (Shoals:4)
  6 anacondas
  2 death knights
  18 two-headed ogres
  26 dancing weapons
  6 tengu warriors
  A hell hog (Depths:4)
  5 merfolk aquamancers
  8 vampire magi
  An orc high priest (Crypt:3)
  2 death yaks (Shoals:2)
  3 deep troll shamans
  5 spriggan berserkers
  A titan zombie (Crypt:3)
  11 hell knights
  4 naga sharpshooters
  A sun demon (Zot:5)
  A shock serpent (shapeshifter) (Abyss:2)
  A fire crab (shapeshifter) (Abyss:2)
  15 deep elf knights
  4 shock serpents
  An iron troll (Depths:5)
  A soul eater (Crypt:1)
  A titan skeleton (Crypt:3)
  4 wretched stars (Abyss:2)
  2 sixfirhies
  A shadow wraith (Crypt:2)
  A salamander mystic (Depths:1)
  2 unseen horrors
  4 sea snakes
  21 skeletal warriors
  4 flayed ghosts
  9 deep trolls
  An orange crystal statue (Depths:1)
  7 wizards
  13 ironbrand convokers
  4 harpies
  3 harpies (shapeshifter)
  5 naga ritualists
  10 phantasmal warriors
  A wolf spider zombie (Crypt:1)
  7 deep elf archers
  A shadow dragon zombie (Crypt:2)
  7 orc knights
  47 deep elf magi
  11 necromancers
  2 anaconda skeletons
  5 mana vipers
  3 cyclopes
  5 wolf spiders
  15 ugly things
  A fire giant zombie (Abyss:2)
  2 stone giant zombies
  A manticore (shapeshifter) (Vaults:5)
  8 manticores
  2 worldbinders (Abyss:2)
  5 orc sorcerers
  8 salamanders
  29 moths of wrath
  4 oklob plants (Lair:5)
  2 fauns (Shoals:1)
  A moth of wrath (shapeshifter) (Depths:2)
  20 black mambas
  2 elephants (Lair:4)
  2 iron dragon skeletons (Crypt:1)
  13 naga magi
  A dire elephant zombie (Crypt:1)
  A fire giant skeleton (Crypt:3)
  3 merfolk sirens
  3 water nymphs
  4 guardian serpents
  12 vault sentinels
  4 spectral swamp worms (Depths:3)
  3 apis skeletons (Depths:4)
  A frost giant skeleton (Crypt:3)
  A smoke demon (Abyss:2)
  3 ice statues (IceCv)
  A kobold demonologist (Elf:1)
  An orange demon (Zot:5)
  A torpor snail (Lair:6)
  2 efreet
  2 spiny frogs
  7 freezing wraiths
  31 yaktaurs
  A hellion (Abyss:2)
  5 komodo dragons
  A hellwing (Abyss:2)
  2 ice devils
  An ancient zyme (Abyss:2)
  17 merfolk
  2 tengu conjurers
  A silent spectre (Abyss:2)
  7 trolls
  A queen bee (shapeshifter) (Depths:3)
  A tengu simulacrum (Vaults:1)
  3 harpy zombies (Shoals:3)
  A jumping spider (shapeshifter) (Vaults:1)
  Grinder (D:4)
  A hippogriff (D:10)
  7 hornets
  A raiju (shapeshifter) (Vaults:1)
  A hippogriff (shapeshifter) (Vaults:2)
  2 wind drakes
  3 blink frogs
  An ettin zombie (Vaults:2)
  6 dream sheep
  An ice dragon zombie (Crypt:1)
  A bog body (Crypt:1)
  A harpy skeleton (Crypt:3)
  19 slime creatures
  5 raiju (Abyss:2)
  11 small abominations
  5 large abominations (Abyss:2)
  31 flying skulls (Crypt:3)
  A shadow (Crypt:1)
  A fire dragon skeleton (Crypt:1)
  A spriggan (shapeshifter) (Vaults:3)
  A satyr skeleton (Crypt:1)
  11 water elementals
  2 redbacks (Depths:5)
  5 wraiths
  A ynoxinul (Abyss:2)
  3 tarantellas (shapeshifter)
  6 wyverns
  A yak (shapeshifter) (Vaults:1)
  16 yaks
  A spriggan (Depths:5)
  3 chaos spawn
  3 fire elementals
  2 humans (D:14)
  A neqoxec (Abyss:2)
  17 wargs
  Edmund (D:6)
  4 acid dragons
  A glowing shapeshifter zombie (Crypt:1)
  2 swamp worms (shapeshifter) (Vaults:5)
  4 water moccasins
  Duvessa (D:4)
  28 nagas
  2 water moccasins (shapeshifter)
  2 floating eyes
  A swamp drake (shapeshifter) (Vaults:1)
  2 hell hounds
  52 orc warriors
  A porcupine (Lair:5)
  7 ice beasts
  A sky beast (D:11)
  34 ogres
  An eye of draining (Abyss:2)
  A human skeleton (Vaults:2)
  5 necrophages (Crypt:3)
  10 centaurs
  A dream sheep skeleton (Crypt:2)
  9 boggarts
  A snapping turtle skeleton (Crypt:1)
  6 crocodiles
  A blink frog skeleton (Crypt:2)
  A komodo dragon zombie (Crypt:2)
  A hippogriff zombie (Shoals:3)
  Blork the orc (D:4)
  3 bullfrogs
  2 earth elementals
  A scorpion (D:14)
  A hornet simulacrum (Vaults:1)
  Dowan (D:4)
  3 killer bees (D:10)
  5 wights (D:6)
  A manticore simulacrum (Crypt:1)
  A troll skeleton (Crypt:2)
  2 howler monkeys (D:7)
  6 crimson imps
  2 lava snakes (Lair:6)
  A bullfrog zombie (D:7)
  2 quasits (Abyss:2)
  6 starcursed masses (Abyss:2)
  A centaur zombie (D:5)
  3 hounds
  4 jellies
  A gnoll shaman (D:5)
  11 orc priests
  Crazy Yiuf (D:2)
  2 bullfrog skeletons
  3 centaur skeletons
  14 orc wizards
  A basilisk skeleton (Crypt:1)
  6 worker ants
  A lightning spire (Zot:3)
  A felid skeleton (Crypt:1)
  2 deep dwarf skeletons (Crypt:1)
  A hound zombie (D:10)
  A worker ant zombie (D:5)
  18 gnolls
  16 adders
  A river rat (shapeshifter) (Vaults:5)
  3 shadow imps
  A swamp drake skeleton (Crypt:1)
  2 white imps
  An ooze (D:2)
  An adder zombie (D:7)
  2 worms
  A dart slug (D:1)
  A leopard gecko (D:2)
  81 orcs
  7 bats
  A bat zombie (Shoals:3)
  5 giant cockroaches
  12 goblins
  4 hobgoblins
  10 jackals
  21 kobolds
  4 quokkas
  4 ball pythons
  3 frilled lizards
  A goblin zombie (Crypt:2)
  A jackal zombie (Crypt:2)
  A leopard gecko zombie (D:6)
  An orc zombie (Crypt:2)
  10 rats
  A lurking horror (Abyss:2)
  2 plants (Depths:3)
  3 starspawn tentacles (Abyss:2)
  2 tentacles (Shoals:4)
1691 creatures vanquished.

Vanquished Creatures (collateral kills)
  Margery (Depths:5)
  A caustic shrike (Depths:5)
  3 golden dragons
  Nikola (Snake:3)
  3 tentacled monstrosities
  2 liches
  Rupert (D:14)
  Jorgrun (Shoals:2)
  2 Orb Guardians (Zot:5)
  Asterion (Depths:2)
  3 titans
  A tentacled starspawn (Abyss:2)
  A sphinx (Vaults:3)
  Roxanne (Shoals:1)
  3 shadow dragons
  A storm dragon (Vaults:1)
  14 nagarajas
  A tengu reaver (Depths:3)
  Donald (Vaults:2)
  4 fire giants
  2 orc warlords
  8 vault wardens
  10 frost giants
  2 draconian knights
  Louise (Shoals:1)
  The ghost of Icun the Thaumaturge, a journeyman GnWr of Okawaru (Snake:3)
  2 draconian shifters
  A deep elf elementalist (Vaults:5)
  3 ironheart preservers
  A war gargoyle (Vaults:5)
  2 spriggan defenders
  9 stone giants
  10 very ugly things
  A green draconian (Zot:2)
  A deep elf demonologist (Elf:1)
  2 deep elf annihilators
  8 spark wasps
  2 white draconians (Zot:2)
  2 pearl dragon zombies (Depths:4)
  Snorg (Orc:1)
  2 ettins
  A mummy priest (Elf:1)
  4 merfolk impalers (Shoals:4)
  6 fire dragons
  A merfolk javelineer (Shoals:4)
  A rakshasa (Abyss:2)
  7 yaktaur captains
  9 ice dragons
  A great orb of eyes (Depths:5)
  Fannar (D:12)
  16 vault guards
  11 naga warriors
  4 hydras
  4 spriggan air magi
  7 centaur warriors
  7 anacondas
  2 death knights
  A hell hog (Depths:4)
  5 ogre magi
  2 merfolk avatars
  13 dancing weapons
  2 deep troll shamans
  2 death yaks (Shoals:2)
  4 tengu warriors
  3 merfolk aquamancers
  2 deep troll earth magi (Depths:4)
  A satyr (Shoals:4)
  14 two-headed ogres
  2 orc high priests
  A vampire mage (Elf:1)
  A thrashing horror (Abyss:2)
  7 naga sharpshooters
  4 shock serpents
  A titan skeleton (Vaults:5)
  2 spriggan berserkers (Depths:5)
  A spriggan (Depths:5)
  Sonja (D:13)
  10 deep elf knights
  4 sea snakes (Shoals:4)
  5 salamander mystics
  4 skeletal warriors (D:15)
  3 hell knights
  A fire crab (D:15)
  A spatial maelstrom (Abyss:2)
  2 iron trolls
  3 naga ritualists
  4 deep trolls
  4 glowing orange brains
  2 unseen horrors
  5 wizards
  3 ironbrand convokers
  14 deep elf archers
  10 harpies
  5 orc knights
  3 mana vipers
  3 necromancers
  33 deep elf magi
  7 fauns (Shoals:1)
  3 orc sorcerers
  3 lindwurms
  7 salamanders
  20 ugly things
  A worldbinder (Abyss:2)
  5 manticores
  11 cyclopes
  2 guardian serpents (Depths:5)
  4 orc priests
  4 merfolk sirens
  An apis skeleton (Depths:4)
  4 elephants (Lair:4)
  A torpor snail (Lair:5)
  3 molten gargoyles (Lair:6)
  23 black mambas
  6 vault sentinels
  4 water nymphs
  A spectral swamp worm (Depths:3)
  16 naga magi
  16 spiny frogs
  An orange demon (Abyss:2)
  A spiny frog (shapeshifter) (Vaults:1)
  3 centaur skeletons
  3 freezing wraiths
  A kobold demonologist (Elf:1)
  A yaktaur zombie (Vaults:2)
  15 yaktaurs
  A demonic crawler (Abyss:2)
  An efreet (D:14)
  7 komodo dragons
  An ice devil (Lair:4)
  9 merfolk
  3 trolls
  2 tengu conjurers
  2 wind drakes (Shoals:1)
  A harpy zombie (Shoals:3)
  A sphinx simulacrum (Vaults:2)
  5 hornets
  A raiju (Abyss:2)
  15 slime creatures
  A frost giant simulacrum (Vaults:2)
  6 dream sheep
  4 snapping turtles
  A fire giant simulacrum (Vaults:5)
  10 hippogriffs
  5 blink frogs
  4 redbacks
  A meliai zombie (D:15)
  2 air elementals
  A shadow (D:15)
  6 water elementals
  An ettin skeleton (Vaults:2)
  40 yaks
  4 basilisks
  4 fire bats (D:11)
  4 wyverns
  14 humans (D:14)
  A ynoxinul (Abyss:2)
  A fire elemental (Elf:2)
  An elf zombie (Vaults:5)
  A basilisk (shapeshifter) (Elf:1)
  4 large abominations (Abyss:2)
  A hungry ghost (D:10)
  A yaktaur simulacrum (Vaults:5)
  21 nagas
  2 vampire mosquitoes (D:15)
  9 water moccasins
  4 wargs
  A soldier ant (D:10)
  5 porcupines
  3 hell hounds (Lair:6)
  3 ice beasts
  11 orc warriors
  A necrophage (D:9)
  A black bear (Lair:1)
  An eye of draining (D:15)
  14 ogres
  A sky beast (D:7)
  8 boggarts
  15 centaurs
  9 wolves
  10 crocodiles
  A human skeleton (Vaults:2)
  2 big kobolds
  9 bullfrogs
  2 earth elementals (Elf:1)
  A water moccasin zombie (D:9)
  A scorpion (D:6)
  5 killer bees
  2 small abominations (Abyss:2)
  An electric eel (Lair:5)
  2 howler monkeys (D:7)
  2 centaur zombies
  3 crimson imps
  A bullfrog zombie (D:9)
  3 lava snakes (Lair:6)
  A bullfrog skeleton (D:12)
  2 starcursed masses (Abyss:2)
  3 hounds
  3 orc wizards
  An iron imp (Abyss:2)
  2 iguanas
  5 worker ants
  5 gnolls
  2 adders
  4 shadow imps
  An ufetubus (Abyss:2)
  A leopard gecko (D:7)
  7 orcs
  A hobgoblin (Bailey)
  2 jackals (D:6)
  A quokka (D:11)
  2 goblins
  3 kobolds
  A quokka zombie (D:7)
  A bush (Lair:3)
  22 fungi
  33 plants
  A tentacle (Shoals:4)
979 creatures vanquished.

Vanquished Creatures (others)
  8 orc warlords
  A fire giant (Vaults:5)
  A frost giant (Vaults:5)
  2 stone giants
  A naga warrior (Snake:3)
  Urug (D:15)
  2 centaur warriors
  A hell hog (Depths:4)
  A two-headed ogre (Vaults:1)
  3 orc high priests
  3 naga sharpshooters
  A deep elf archer (Elf:1)
  21 orc knights
  3 orc sorcerers
  2 cyclopes (Vaults:1)
  A naga mage (Depths:5)
  A moth of wrath (Zot:1)
  9 yaktaurs
  26 orc warriors
  6 centaurs
  A small abomination (Depths:5)
  10 orc priests
  13 orc wizards
  2 adders
  55 orcs
  A bat (D:3)
  10 kobolds
  9 fungi
  27 plants
  6 starspawn tentacles (Abyss:2)
  A tentacle (Shoals:4)
229 creatures vanquished.

Grand Total: 2899 creatures vanquished

Notes
Turn   | Place    | Note
-------+----------+-------------------------------------------
     0 | D:1      | Thantalas the Hill Orc Monk began the quest for the Orb.
     0 | D:1      | Reached XP level 1. HP: 19/19 MP: 1/1
   435 | D:1      | Reached XP level 2. HP: 26/27 MP: 2/2
   654 | D:1      | Reached skill level 1 in Armour
  1112 | D:1      | Reached XP level 3. HP: 31/33 MP: 3/3
  1371 | D:2      | Found an ancient bone altar of Kikubaaqudgha.
  1387 | D:2      | Found a bloodstained altar of Trog.
  1756 | D:2      | Found a runed translucent door.
  1757 | D:2      | Noticed Crazy Yiuf
  2297 | D:2      | Reached XP level 4. HP: 19/40 MP: 4/4
  2768 | D:2      | Killed Crazy Yiuf
  3217 | D:2      | Reached skill level 5 in Axes
  3263 | D:3      | Reached XP level 5. HP: 44/47 MP: 5/5
  3447 | D:3      | Became a worshipper of Beogh the Brigand
  3447 | D:3      | Reached * piety under Beogh
  3447 | D:3      | Reached ** piety under Beogh
  4010 | D:4      | Noticed Dowan
  4024 | D:4      | Killed Dowan
  4024 | D:4      | Reached skill level 5 in Fighting
  4024 | D:4      | Reached skill level 1 in Invocations
  4024 | D:4      | Reached XP level 6. HP: 56/56 MP: 6/6
  4141 | D:4      | Noticed Duvessa
  4178 | D:4      | Killed Duvessa
  4255 | D:4      | Noticed Blork the orc
  4262 | D:4      | Killed Blork the orc
  4262 | D:4      | Reached skill level 2 in Invocations
  4268 | D:4      | Found an ornate altar of the Wu Jian Council.
  4396 | D:4      | Reached XP level 7. HP: 60/61 MP: 8/8
  4525 | D:4      | Noticed Grinder
  4536 | D:4      | Paralysed by Grinder for 7 turns
  4553 | D:4      | Paralysed by Grinder for 3 turns
  4568 | D:4      | Paralysed by Grinder for 3 turns
  4577 | D:4      | Killed Grinder
  4577 | D:4      | Reached skill level 3 in Invocations
  4793 | D:4      | Found Jori's Armour Shop.
  4806 | D:4      | Bought a +1 pair of gloves of strength for 181 gold pieces
  5170 | D:5      | Entered Level 5 of the Dungeon
  5318 | D:5      | Reached XP level 8. HP: 70/70 MP: 10/10
  5476 | D:5      | Found a staircase to the Ecumenical Temple.
  5487 | D:5      | Reached *** piety under Beogh
  5512 | D:5      | Reached skill level 4 in Invocations
  6020 | D:5      | Found a runed translucent gate.
  6020 | D:5      | Found a runed translucent gate.
  6020 | D:5      | Found a runed translucent gate.
  6324 | D:5      | Noticed Zaque's ghost (amateur TrHu)
  6607 | D:6      | Reached skill level 5 in Armour
  6609 | D:6      | Reached skill level 5 in Invocations
  6677 | D:6      | Found a glowing golden altar of the Shining One.
  6698 | D:4      | Bought a +0 shield of protection for 126 gold pieces
  6813 | D:6      | Noticed Edmund
  6827 | D:6      | Killed Edmund
  6831 | D:6      | Reached skill level 1 in Shields
  7008 | D:6      | Reached XP level 9. HP: 79/79 MP: 13/13
  7499 | D:7      | Gained Olfik as an ally
  7528 | D:7      | Reached skill level 6 in Invocations
  7648 | D:7      | Reached **** piety under Beogh
  7657 | D:7      | Got a faintly glowing ruby amulet
  7658 | D:7      | Identified the amulet of Vomna {Reflect rC+ rN+ Dex+3 SH+4}
                  | (You found it on level 7 of the Dungeon)
  7685 | D:7      | Found a shattered altar of Ashenzari.
  7872 | D:7      | Found Real's Jewellery Emporium.
  7968 | D:7      | Found a flagged portal.
  7979 | Bailey   | Entered a bailey
  7989 | Bailey   | Noticed an orc warlord
  8076 | Bailey   | Found a runed translucent gate.
  8084 | Bailey   | Found a runed translucent gate.
  8097 | Bailey   | Found a runed translucent gate.
  8104 | Bailey   | Noticed an orc knight
  8120 | Bailey   | Killed an orc knight
  8263 | Bailey   | Killed an orc warlord
  8263 | Bailey   | Reached skill level 7 in Invocations
  8263 | Bailey   | Reached XP level 10. HP: 47/90 MP: 15/15
  8506 | Bailey   | Identified 2 scrolls of acquirement
  8507 | Bailey   | Got a vibrating wooden ring
  8510 | Bailey   | Identified the ring of the Cricket {Int+4 Stlth+} (You
                  | acquired it in a bailey)
  8649 | D:7      | Found a sparkling altar of Nemelex Xobeh.
  8649 | D:7      | Found a sacrificial altar of Ru.
  8872 | D:8      | Reached skill level 8 in Invocations
  8967 | D:8      | Found a stormy altar of Qazlal.
  8998 | D:8      | Reached skill level 5 in Shields
  9670 | D:9      | Noticed a two-headed ogre
  9672 | D:9      | Reached skill level 10 in Axes
  9678 | D:9      | Killed a two-headed ogre
  9725 | D:9      | Found a runed translucent door.
  9725 | D:9      | Noticed a cyan very ugly thing
  9725 | D:9      | Noticed PentaManta's ghost (journeyman OpAs)
  9729 | D:9      | Noticed a two-headed ogre
  9740 | D:9      | Killed a two-headed ogre
 10374 | D:10     | Entered Level 10 of the Dungeon
 10382 | D:10     | Reached skill level 9 in Invocations
 10382 | D:10     | Reached XP level 11. HP: 97/97 MP: 13/17
 10400 | D:10     | Noticed a two-headed ogre
 10406 | D:10     | Killed a two-headed ogre
 10506 | D:10     | Reached ***** piety under Beogh
 10559 | D:10     | Reached skill level 10 in Fighting
 10771 | D:10     | Found a staircase to the Orcish Mines.
 10943 | D:11     | Noticed a two-headed ogre
 10952 | D:11     | Killed a two-headed ogre
 11655 | D:11     | Reached skill level 10 in Invocations
 11662 | D:11     | Found a staircase to the Lair.
 11751 | D:11     | Noticed a fire dragon
 11752 | D:11     | Found the +7 great mace "Firestarter" {inner flame, rF++}
 11763 | D:11     | Killed a fire dragon
 11764 | D:11     | Gained Orkrul as an ally
 12410 | Lair:1   | Entered Level 1 of the Lair of Beasts
 13018 | Lair:2   | Reached XP level 12. HP: 106/108 MP: 19/19
 13112 | Lair:2   | Noticed a five-headed hydra
 13117 | Lair:2   | Killed a five-headed hydra
 13141 | Lair:2   | Gained Gorm as an ally
 13640 | Lair:3   | Found a staircase to the Shoals.
 13880 | Lair:3   | Reached skill level 11 in Invocations
 14160 | Lair:3   | Noticed a six-headed hydra
 14168 | Lair:3   | Killed a six-headed hydra
 14168 | Lair:3   | Reached skill level 10 in Armour
 14869 | Lair:4   | Reached ****** piety under Beogh
 14886 | Lair:4   | Found a frozen archway.
 14950 | IceCv    | Entered an ice cave
 15206 | IceCv    | Gained Ognian as an ally
 15341 | Lair:4   | Reached XP level 13. HP: 86/117 MP: 21/21
 15380 | Lair:4   | Reached skill level 12 in Invocations
 15476 | Lair:4   | Found a staircase to the Snake Pit.
 15792 | Lair:4   | Your ally Ognian died
 16396 | D:7      | Bought the ring "Kisinn" {+Fly rElec rN+ Str+3 Dex+4} for
                  | 756 gold pieces
 16705 | Lair:5   | You fall into a shaft and drop 1 floor!
 16705 | Lair:6   | Entered Level 6 of the Lair of Beasts
 16914 | Lair:5   | Found a runed translucent gate.
 16914 | Lair:5   | Found a runed translucent gate.
 16914 | Lair:5   | Found a runed translucent gate.
 16918 | Lair:5   | Noticed Curus's ghost (journeyman MiGl)
 17972 | Lair:6   | Found a staircase to the Slime Pits.
 17975 | Lair:6   | Found a viscous altar of Jiyva.
 18211 | Lair:6   | Reached skill level 10 in Shields
 18266 | Lair:6   | Noticed a fire dragon
 18300 | Lair:6   | Found a large runed translucent door.
 18302 | Lair:6   | Found a large runed translucent door.
 18437 | Lair:6   | Reached skill level 13 in Invocations
 19029 | Lair:6   | Killed a fire dragon
 19029 | Lair:6   | Reached XP level 14. HP: 73/129 MP: 16/23
 19420 | D:12     | Got a citrine-encrusted ring mail
 19430 | D:12     | Got a translucent dagger
 19441 | D:12     | Identified the +1 ring mail of Gehenna {rF+ MP+9 Dex+6}
                  | (You found it on level 12 of the Dungeon)
 19451 | D:12     | Identified the +2 dagger of Perversion {freeze, Dex+3} (You
                  | found it on level 12 of the Dungeon)
 19537 | D:12     | Noticed Fannar
 19546 | D:12     | Killed Fannar
 20358 | D:13     | Noticed Sonja
 20364 | D:13     | Killed Sonja
 20404 | D:14     | Found a gate to the Vaults.
 20404 | D:14     | Noticed Urug
 20404 | D:14     | Noticed Rupert
 20416 | D:14     | Killed Rupert
 21445 | D:15     | Entered Level 15 of the Dungeon
 21465 | D:15     | Reached skill level 14 in Invocations
 21494 | D:15     | Your ally died
 21640 | D:15     | Found a radiant altar of Vehumet.
 21748 | D:15     | Reached skill level 15 in Axes
 22135 | D:15     | Found a staircase to the Depths.
 22675 | Orc:1    | Entered Level 1 of the Orcish Mines
 22732 | Orc:1    | Noticed Snorg
 22740 | Orc:1    | Killed Snorg
 22740 | Orc:1    | Reached XP level 15. HP: 89/138 MP: 25/25
 23291 | Orc:2    | Entered Level 2 of the Orcish Mines
 23328 | Orc:2    | Found Leopn's General Store.
 23328 | Orc:2    | Noticed an orc warlord
 23342 | Orc:2    | Killed an orc warlord
 23343 | Orc:2    | Gained Oreg as an ally
 23359 | Orc:2    | Noticed an orc warlord
 23367 | Orc:2    | Killed an orc warlord
 23444 | Orc:2    | Found Roarrael's Antique Weapon Emporium.
 23678 | Orc:2    | Bought a scroll of identify for 32 gold pieces
 23712 | Orc:2    | Found a staircase to the Elven Halls.
 23734 | Orc:2    | Found Icvopoele's Antique Armour Emporium.
 23754 | Orc:2    | Found Qefar's Jewellery Shoppe.
 23772 | Orc:2    | Bought an uncursed ring of poison resistance for 240 gold
                  | pieces
 23772 | Orc:2    | Bought an uncursed ring of see invisible for 180 gold
                  | pieces
 24300 | Snake:1  | Entered Level 1 of the Snake Pit
 25073 | Snake:1  | Reached skill level 15 in Invocations
 25413 | Snake:2  | Gained Warbeogh as an ally
 25507 | Snake:2  | Noticed a nagaraja
 25518 | Snake:2  | Killed a nagaraja
 26283 | Snake:2  | Got an ichor-stained large shield
 26294 | Snake:2  | Identified the +0 large shield "Guts" {+Fly rElec Str-5
                  | Dex+4} (You found it on level 2 of the Snake Pit)
 26478 | Snake:2  | You fall into a shaft and drop 1 floor!
 26559 | Snake:3  | Noticed a nagaraja
 26562 | Snake:3  | Killed a nagaraja
 26576 | Snake:3  | Found a runed translucent door.
 26585 | Snake:3  | Reached skill level 15 in Fighting
 26589 | Snake:3  | Noticed Icun's ghost (journeyman GnWr)
 26873 | Snake:3  | Killed Icun's ghost
 26873 | Snake:3  | Reached XP level 16. HP: 148/149 MP: 27/27
 26881 | Snake:3  | Got a crystal shortbow
 26888 | Snake:3  | Identified the +8 shortbow "Jellyslayer" {flame, +Fly rC+
                  | Str+2} (You found it on level 3 of the Snake Pit)
 27755 | Snake:3  | Got a shadowed robe
 27777 | Snake:3  | Identified the +0 robe of the Doge {Str+2} (You found it on
                  | level 3 of the Snake Pit)
 28164 | Snake:3  | Your ally Oreg died
 28167 | Snake:3  | Noticed a nagaraja
 28179 | Snake:3  | Killed a nagaraja
 28422 | Snake:3  | Noticed Nikola
 28432 | Snake:3  | Killed Nikola
 28770 | Shoals:1 | Entered Level 1 of the Shoals
 28790 | Shoals:1 | Reached skill level 16 in Invocations
 28825 | Shoals:1 | Noticed Louise
 28828 | Shoals:1 | Cast into level 2 of the Abyss (Louise)
 28853 | Abyss:2  | Found a basalt altar of Yredelemnul.
 28941 | Abyss:2  | Noticed a tentacled starspawn
 28946 | Abyss:2  | Killed a tentacled starspawn
 29009 | Abyss:2  | Noticed an Executioner
 29017 | Abyss:2  | Killed an Executioner
 29058 | Abyss:2  | Gained Blodwig as an ally
 29068 | Abyss:2  | Noticed a tentacled starspawn
 29081 | Abyss:2  | Killed a tentacled starspawn
 29134 | Abyss:2  | Your ally Blodwig died
 29138 | Abyss:2  | Gained Bogmar as an ally
 29204 | Abyss:2  | Paralysed by accursed screaming for 1 turns
 29209 | Abyss:2  | Paralysed by accursed screaming for 1 turns
 29210 | Abyss:2  | Found a corrupted altar of Lugonu.
 29248 | Abyss:2  | Found a blossoming altar of Fedhas.
 29528 | Abyss:2  | Noticed a tentacled starspawn
 29545 | Abyss:2  | Gained mutation: You are frail. (-10% HP) [a shining eye]
 29546 | Abyss:2  | Killed a tentacled starspawn
 29562 | Shoals:1 | Escaped the Abyss
 29568 | Shoals:1 | Killed Louise
 29887 | Shoals:1 | Reached XP level 17. HP: 135/142 MP: 29/29
 30015 | Shoals:1 | Killed Roxanne
 30424 | Shoals:2 | Noticed Jorgrun
 30435 | Shoals:2 | Killed Jorgrun
 30515 | Shoals:2 | Noticed Polyphemus
 30542 | Shoals:2 | Killed Polyphemus
 30944 | Shoals:2 | Found Ivvegg's Assorted Antiques.
 30967 | Shoals:2 | Bought a scroll of identify for 62 gold pieces
 30967 | Shoals:2 | Bought a scroll of enchant weapon for 232 gold pieces
 30967 | Shoals:2 | Bought an aquamarine-studded plate armour for 868 gold
                  | pieces
 30967 | Shoals:2 | Identified the +4 plate armour of the Boiling Point {rN+
                  | rCorr Slay+3} (You bought it in a shop on level 2 of the
                  | Shoals)
 31090 | Shoals:2 | Got an iridescent trident
 31154 | Shoals:2 | Identified the cursed +1 trident of Boum {drain, Int+5}
                  | (You found it on level 2 of the Shoals)
 31532 | Shoals:3 | Found Dorudetz's Antique Armour Shoppe.
 31540 | Shoals:3 | Bought a warped helmet for 313 gold pieces
 31550 | Shoals:3 | Identified the +2 helmet of the Gloaming {rC+ Slay+2} (You
                  | bought it in a shop on level 3 of the Shoals)
 32432 | Snake:4  | Entered Level 4 of the Snake Pit
 32477 | Snake:4  | Reached skill level 17 in Invocations
 32809 | Snake:4  | Reached skill level 15 in Armour
 32830 | Snake:4  | Your ally Warbeogh died
 32833 | Snake:4  | Gained Bogrim as an ally
 32839 | Snake:4  | Your ally Orkrul died
 33370 | Snake:4  | Got a serpentine rune of Zot
 33461 | Snake:4  | Found Ygyir's Antique Weapon Boutique.
 33917 | Shoals:4 | Entered Level 4 of the Shoals
 33925 | Shoals:4 | Reached XP level 18. HP: 122/151 MP: 28/30
 33939 | Shoals:4 | Got a brightly glowing great mace
 33940 | Shoals:4 | Identified the cursed +2 great mace "Teqesuex" {freeze,
                  | rC+++ MR- MP-9 Int+3} (You found it on level 4 of the
                  | Shoals)
 34337 | Shoals:4 | Got a barnacled rune of Zot
 34561 | Shoals:4 | Reached skill level 18 in Invocations
 34576 | Shoals:4 | Reached skill level 15 in Shields
 34894 | Shoals:4 | Learned a level 1 spell: Apportation
 34898 | Shoals:4 | Learned a level 3 spell: Regeneration
 34905 | Shoals:4 | Learned a level 6 spell: Deflect Missiles
 34912 | Shoals:4 | Learned a level 6 spell: Statue Form
 34986 | Shoals:4 | Got a slimy amber ring
 35029 | Shoals:4 | Identified the ring "Gof Dial" {*Tele Dex+7} (You found it
                  | on level 4 of the Shoals)
 35115 | Shoals:4 | Your ally Bogrim died
 35637 | Elf:1    | Entered Level 1 of the Elven Halls
 35642 | Elf:1    | Got an ichor-stained hand axe
 35643 | Elf:1    | Identified the +8 hand axe of Ointment {chop, rElec Str+4
                  | Int+9} (You found it on level 1 of the Elven Halls)
 35662 | Elf:1    | Found a radiant altar of Vehumet.
 35670 | Elf:1    | Reached skill level 1 in Necromancy
 35670 | Elf:1    | Reached skill level 1 in Earth Magic
 35696 | Elf:1    | Reached skill level 1 in Charms
 35701 | Elf:1    | Reached skill level 1 in Transmutations
 35704 | Elf:1    | Reached skill level 1 in Air Magic
 35708 | Elf:1    | Reached skill level 1 in Spellcasting
 35710 | Elf:1    | Cast into level 2 of the Abyss (a deep elf demonologist)
 35861 | Elf:1    | Escaped the Abyss
 35939 | Elf:1    | Identified the Collected Works on Summoning
 36372 | Elf:1    | Found a shimmering blue altar of Sif Muna.
 36377 | Elf:1    | Identified the amulet "Picru" {RegenMP Fragile +Blink
                  | Int+6}
 37029 | Elf:2    | Reached XP level 19. HP: 145/159 MP: 32/32
 37156 | Elf:2    | Found the ring of Robustness {AC+8}
 37204 | Elf:2    | Found Qolus's Assorted Antiques.
 37265 | Elf:2    | Reached skill level 5 in Dodging
 37427 | Elf:2    | Identified the Incunabulum of Combed Thunderclap
 37495 | Elf:2    | Identified Qonatoj's Compendium of Dhcmrlchtdj
 37502 | Elf:2    | Identified the Catalogue of Sand
 37574 | Elf:2    | Paralysed by a wizard for 5 turns
 37607 | Elf:2    | Found a huge runed translucent gate.
 37607 | Elf:2    | Found a huge runed translucent gate.
 37607 | Elf:2    | Found a huge runed translucent gate.
 37611 | Elf:2    | Found a huge runed translucent gate.
 37611 | Elf:2    | Found a huge runed translucent gate.
 38375 | Vaults:1 | Entered Level 1 of the Vaults
 39291 | Vaults:1 | Identified the ring of Neiteys {rF+ Stlth+}
 39321 | Vaults:1 | Identified the amulet of the Moon {RegenMP *Drain rElec rF+
                  | MR++}
 39399 | Vaults:1 | Reached XP level 20. HP: 41/168 MP: 33/33
 40088 | Vaults:2 | Noticed Xtahua
 40098 | Vaults:2 | Killed Xtahua
 40098 | Vaults:2 | Reached skill level 5 in Necromancy
 40101 | Vaults:2 | Gained Ugbert as an ally
 40184 | Vaults:2 | Noticed Donald
 40191 | Vaults:2 | Killed Donald
 40756 | Vaults:2 | Reached skill level 5 in Earth Magic
 40911 | Vaults:2 | Reached skill level 19 in Invocations
 40916 | Vaults:2 | Gained Borgoth as an ally
 41493 | Vaults:2 | Reached skill level 5 in Charms
 41905 | Vaults:2 | Found a staircase to the Crypt.
 41905 | Vaults:2 | Found an ancient bone altar of Kikubaaqudgha.
 41911 | Vaults:2 | Found a basalt altar of Yredelemnul.
 42325 | Vaults:3 | Cast into level 2 of the Abyss (death knight)
 42362 | Abyss:2  | Identified the +6 broad axe of Untruth {flame, *Rage rElec
                  | MR+ SInv}
 42367 | Abyss:2  | Gained Worak as an ally
 42731 | Vaults:3 | Escaped the Abyss
 42734 | Vaults:3 | Reached skill level 5 in Air Magic
 43036 | Vaults:3 | Reached XP level 21. HP: 175/175 MP: 34/34
 43496 | Vaults:3 | Reached skill level 5 in Spellcasting
 43565 | Vaults:3 | Reached skill level 5 in Transmutations
 44194 | Vaults:4 | Gained Olfrun as an ally
 44196 | Vaults:4 | Your ally Olfrun died
 44564 | Vaults:4 | Found Fuaq Tam's Food Shop.
 44883 | Vaults:4 | Found a portal to a secret trove of treasure.
 45475 | D:15     | Found a staircase to the Depths.
 45491 | D:15     | Found a radiant altar of Vehumet.
 45789 | Depths:1 | Entered Level 1 of the Depths
 45849 | Depths:1 | Reached XP level 22. HP: 110/183 MP: 35/35
 46160 | Depths:1 | Found a gateway to a ziggurat.
 46296 | Depths:1 | Reached skill level 20 in Invocations
 46651 | Depths:1 | Found a gateway to Hell.
 46666 | Depths:1 | Learned a level 2 spell: Blink
 47265 | Depths:2 | Noticed Asterion
 47266 | Depths:2 | Noticed a golden dragon
 47277 | Depths:2 | Killed Asterion
 47282 | Depths:2 | Killed a golden dragon
 47571 | Depths:2 | Found a runed translucent door.
 47571 | Depths:2 | Found a runed translucent door.
 47571 | Depths:2 | Found a runed translucent door.
 47670 | Depths:2 | Found a one-way gate to the infinite horrors of the Abyss.
 47670 | Depths:2 | Identified the amulet "Imillyre" {Reflect rF+ rC+ SH+3
                  | Stlth+}
 47949 | Depths:2 | Found a runed translucent door.
 47949 | Depths:2 | Noticed a golden dragon
 47961 | Depths:2 | Found a runed translucent door.
 47975 | Depths:2 | Killed a golden dragon
 48131 | Depths:2 | Found a runed translucent door.
 48440 | Depths:2 | Paralysed by a floating eye for 3 turns
 49614 | Depths:3 | Reached XP level 23. HP: 118/191 MP: 37/37
 49819 | Depths:3 | Found a one-way gate leading to the halls of Pandemonium.
 50033 | Depths:3 | Noticed a golden dragon
 50042 | Depths:3 | Killed a golden dragon
 50465 | Depths:3 | Found the +1 cloak of Starlight {rElec rC+ EV+4 Stlth--}
 50547 | Depths:3 | Gained Ugrim as an ally
 50653 | Depths:3 | Lost mutation: You are frail. (-10% HP) [potion of
                  | mutation]
 50653 | Depths:3 | Gained mutation: You have a pair of small antennae on your
                  | head. [potion of mutation]
 50653 | Depths:3 | Gained mutation: You possess an exceptional clarity of
                  | mind. [potion of mutation]
 50653 | Depths:3 | Gained mutation: Armour fits poorly on your strangely
                  | shaped body. [potion of mutation]
 50653 | Depths:3 | Gained mutation: You are resistant to hostile enchantments.
                  | (MR+) [potion of mutation]
 50654 | Depths:3 | Lost mutation: You possess an exceptional clarity of mind.
                  | [potion of mutation]
 50654 | Depths:3 | Lost mutation: You are resistant to hostile enchantments.
                  | (MR+) [potion of mutation]
 50654 | Depths:3 | Lost mutation: Armour fits poorly on your strangely shaped
                  | body. [potion of mutation]
 50654 | Depths:3 | Gained mutation: You are partially covered in molten
                  | scales. (AC +2) [potion of mutation]
 50654 | Depths:3 | Gained mutation: You are agile. (Dex +2) [potion of
                  | mutation]
 50654 | Depths:3 | Gained mutation: Your spells are a little harder to cast,
                  | but a little more powerful. [potion of mutation]
 50655 | Depths:3 | Lost mutation: You have a pair of small antennae on your
                  | head. [potion of mutation]
 50655 | Depths:3 | Lost mutation: Your spells are a little harder to cast, but
                  | a little more powerful. [potion of mutation]
 50655 | Depths:3 | Lost mutation: You are agile. (Dex +2) [potion of mutation]
 50655 | Depths:3 | Gained mutation: Armour fits poorly on your strangely
                  | shaped body. [potion of mutation]
 50655 | Depths:3 | Gained mutation: You have large cloven feet. [potion of
                  | mutation]
 50655 | Depths:3 | Gained mutation: You are partially covered in iridescent
                  | scales. (AC +2) [potion of mutation]
 50656 | Depths:3 | Lost mutation: You have large cloven feet. [potion of
                  | mutation]
 50656 | Depths:3 | Lost mutation: Armour fits poorly on your strangely shaped
                  | body. [potion of mutation]
 50656 | Depths:3 | Gained mutation: Your muscles are strong. (Str +2) [potion
                  | of mutation]
 50656 | Depths:3 | Gained mutation: You occasionally shout uncontrollably at
                  | your foes. [potion of mutation]
 50656 | Depths:3 | Gained mutation: You are resistant to hostile enchantments.
                  | (MR+) [potion of mutation]
 50703 | Depths:3 | Lost mutation: Your muscles are strong. (Str +2) [potion of
                  | mutation]
 50703 | Depths:3 | Lost mutation: You are resistant to hostile enchantments.
                  | (MR+) [potion of mutation]
 50703 | Depths:3 | Lost mutation: You occasionally shout uncontrollably at
                  | your foes. [potion of mutation]
 50703 | Depths:3 | Gained mutation: You are frail. (-10% HP) [potion of
                  | mutation]
 50703 | Depths:3 | Gained mutation: You have a pair of small horns on your
                  | head. [potion of mutation]
 50704 | Depths:3 | Lost mutation: You are partially covered in molten scales.
                  | (AC +2) [potion of mutation]
 50704 | Depths:3 | Lost mutation: You are frail. (-10% HP) [potion of
                  | mutation]
 50704 | Depths:3 | Gained mutation: You are frail. (-10% HP) [potion of
                  | mutation]
 50704 | Depths:3 | Gained mutation: You are covered in fur. (AC +1) [potion of
                  | mutation]
 50704 | Depths:3 | Gained mutation: You are covered in thick fur. (AC +2)
                  | [potion of mutation]
 50931 | Depths:4 | Paralysed by a floating eye for 4 turns
 50973 | Depths:4 | Found a flickering gateway to a bazaar.
 50983 | Bazaar   | Entered a bazaar
 50983 | Bazaar   | Found Zuaqash's General Store.
 50983 | Bazaar   | Found Cigosem's Antique Armour Boutique.
 50991 | Bazaar   | Bought a scroll of enchant armour for 90 gold pieces
 51178 | Bazaar   | Bought a shimmering shield for 342 gold pieces
 51178 | Bazaar   | Identified the +0 shield of the Stars {SInv} (You bought it
                  | in a shop in a bazaar)
 51193 | Bazaar   | Found Jievop's Antique Weapon Shop.
 51201 | Bazaar   | Found Gulig's Distillery.
 51209 | Bazaar   | Bought a potion of haste for 120 gold pieces
 51209 | Bazaar   | Bought 2 potions of heal wounds for 120 gold pieces
 51209 | Bazaar   | Bought a potion of invisibility for 96 gold pieces
 51209 | Bazaar   | Bought a potion of haste for 120 gold pieces
 51209 | Bazaar   | Bought a potion of haste for 120 gold pieces
 51209 | Bazaar   | Bought a potion of invisibility for 96 gold pieces
 51209 | Bazaar   | Bought a potion of heal wounds for 60 gold pieces
 51209 | Bazaar   | Bought a potion of heal wounds for 60 gold pieces
 51212 | Bazaar   | Found Unepn's Jewellery Emporium.
 51293 | Depths:4 | Found a basalt altar of Yredelemnul.
 51329 | Depths:4 | Found a hide-covered altar of Uskayaw.
 51465 | Depths:4 | Gained Ogrik as an ally
 51960 | Depths:4 | Found a runed translucent door.
 51961 | Depths:4 | Found the +7 lajatang of Order {silver, rMut}
 51961 | Depths:4 | Noticed a caustic shrike
 51972 | Depths:4 | Killed a caustic shrike
 51974 | Depths:4 | Your ally Ugbert died
 51977 | Depths:4 | Noticed a golden dragon
 51977 | Depths:4 | Killed a golden dragon
 51981 | Depths:4 | Noticed a golden dragon
 51988 | Depths:4 | Reached skill level 10 in Earth Magic
 51990 | Depths:4 | Killed a golden dragon
 51998 | Depths:4 | Reached skill level 21 in Invocations
 52048 | Depths:4 | Found a runed translucent door.
 52072 | Depths:4 | Found a runed translucent door.
 52077 | Depths:4 | Found a runed translucent door.
 52102 | Depths:4 | Got a transparent marble ring
 52108 | Depths:4 | Got a spiked scale mail
 52126 | Depths:4 | Got a bloodstained scale mail
 52163 | Depths:4 | Identified the +1 scale mail of Free Expression {rC++} (You
                  | found it on level 4 of the Depths)
 52170 | Depths:4 | Identified the ring "Ageebykk" {rPois rC+ Int+5 Dex+4} (You
                  | found it on level 4 of the Depths)
 52173 | Depths:4 | Identified the +3 scale mail "Datoumut" {rPois Str+4} (You
                  | found it on level 4 of the Depths)
 52174 | Depths:4 | Got a heavily runed plate armour
 52185 | Depths:4 | Identified the +10 plate armour of Ysauno {rF+++ rC- SInv}
                  | (You found it on level 4 of the Depths)
 52372 | Depths:5 | Entered Level 5 of the Depths
 52499 | Depths:5 | Noticed Margery
 52514 | Depths:5 | Killed Margery
 52651 | Depths:5 | Reached XP level 24. HP: 196/201 MP: 37/37
 52764 | Depths:5 | Noticed a caustic shrike
 52765 | Depths:5 | Noticed a caustic shrike
 52765 | Depths:5 | Noticed a caustic shrike
 52773 | Depths:5 | Killed a caustic shrike
 52783 | Depths:5 | Killed a caustic shrike
 52789 | Depths:5 | Killed a caustic shrike
 53564 | Depths:5 | Reached skill level 10 in Dodging
 53578 | Depths:5 | Found a gate to the Realm of Zot.
 53859 | Depths:5 | Gained Arkwar as an ally
 53868 | Depths:5 | Identified the Volume of the Birds
 54418 | Vaults:5 | Entered Level 5 of the Vaults
 54458 | Vaults:5 | Got a steaming chain mail
 54459 | Vaults:5 | Identified the +2 chain mail of Olusat {rF+ rN+ MR+} (You
                  | found it on level 5 of the Vaults)
 54461 | Vaults:5 | Identified the Reference Book on Necromancy and
                  | Transmigration
 54481 | Vaults:5 | Gained Syrus as an ally
 54520 | Vaults:5 | Your ally Syrus died
 54896 | Vaults:5 | Identified the +10 demon trident of Wyrd {freeze, rElec
                  | rPois rF+ rC-}
 54909 | Vaults:5 | Identified the ring of the Jester {Str+4 Dex+3}
 54912 | Vaults:5 | Gained Blodwig as an ally
 54925 | Vaults:5 | Your ally Blodwig died
 54931 | Vaults:5 | Reached XP level 25. HP: 117/209 MP: 37/37
 54938 | Vaults:5 | Your ally Borgoth died
 54939 | Vaults:5 | Your ally Ogrik died
 54940 | Vaults:5 | Your ally Ugrim died
 54945 | Vaults:5 | Your ally Worak died
 54946 | Vaults:5 | Your ally Gorm died
 54950 | Vaults:5 | Your ally Arkwar died
 54950 | Vaults:5 | Identified the ring "Ulerghahu" {+Inv +Fly rN+ Dex+4
                  | Stlth-}
 54953 | Vaults:5 | Your ally Olfik died
 55174 | Vaults:5 | Gained Bogwik as an ally
 55296 | Vaults:5 | Your ally Bogwik died
 55420 | Vaults:5 | Reached skill level 22 in Invocations
 55435 | Vaults:5 | Noticed an ancient lich
 56149 | Temple   | Entered the Ecumenical Temple
 56288 | Temple   | Fell from the grace of Beogh
 56288 | Temple   | Became a worshipper of the Shining One
 56606 | Crypt:1  | Entered Level 1 of the Crypt
 56732 | Crypt:1  | Reached * piety under the Shining One
 56732 | Crypt:1  | Noticed Mara
 56741 | Crypt:1  | Noticed Thantalas's illusion
 56770 | Crypt:1  | Killed Mara
 57057 | Crypt:1  | Reached ** piety under the Shining One
 57416 | Crypt:1  | Reached *** piety under the Shining One
 57469 | Crypt:1  | Noticed Boris
 57490 | Crypt:1  | Killed Boris
 57533 | Crypt:1  | Noticed Mennas
 57539 | Crypt:1  | Reached **** piety under the Shining One
 57610 | Crypt:1  | Killed Mennas
 57732 | Crypt:1  | Reached ***** piety under the Shining One
 57891 | Crypt:1  | Noticed a greater mummy
 57906 | Crypt:1  | Killed a greater mummy
 58245 | Crypt:1  | Noticed a greater mummy
 58262 | Crypt:1  | Killed a greater mummy
 58263 | Crypt:1  | Noticed a greater mummy
 58276 | Crypt:1  | Killed a greater mummy
 58276 | Crypt:1  | Reached XP level 26. HP: 118/218 MP: 37/38
 58285 | Crypt:1  | Found the +7 sceptre of Torment {pain, torment}
 58946 | Crypt:2  | Reached ****** piety under the Shining One
 58957 | Crypt:2  | Identified a +9 broad axe of holy wrath (a +9 broad axe of
                  | freezing blessed by the Shining One)
 58957 | Crypt:2  | Received a gift from the Shining One
 59290 | Crypt:3  | Entered Level 3 of the Crypt
 59333 | Crypt:3  | Reached skill level 10 in Spellcasting
 59346 | Crypt:3  | Reached skill level 10 in Transmutations
 59483 | Crypt:3  | Found a basalt altar of Yredelemnul.
 59483 | Crypt:3  | Noticed an ancient lich
 59494 | Crypt:3  | Killed an ancient lich
 59740 | Crypt:3  | Got a sparkling brass ring
 59740 | Crypt:3  | Got a shimmering tin ring
 59743 | Crypt:3  | Identified the ring of Usoimyqo {rPois rN+ Str+2 Int-4}
                  | (You found it on level 3 of the Crypt)
 59744 | Crypt:3  | Identified the ring of the Meadowlark {rN+ Dex+2} (You
                  | found it on level 3 of the Crypt)
 59783 | Crypt:3  | Found a staircase to the Tomb.
 60630 | Vaults:5 | Identified the +6 quarterstaff "Opohout" {speed, rPois MR+}
 60630 | Vaults:5 | Identified the ring of Secrets {rF+ rCorr}
 60645 | Vaults:5 | Reached skill level 1 in Evocations
 60686 | Vaults:5 | Killed an ancient lich
 61200 | Vaults:5 | Learned a level 2 spell: Song of Slaying
 61226 | Vaults:5 | Lost mutation: You are partially covered in iridescent
                  | scales. (AC +2) [potion of mutation]
 61226 | Vaults:5 | Lost mutation: You have a pair of small horns on your head.
                  | [potion of mutation]
 61226 | Vaults:5 | Gained mutation: You have an increased reservoir of magic.
                  | (+10% MP) [potion of mutation]
 61226 | Vaults:5 | Gained mutation: You have sharp toenails. [potion of
                  | mutation]
 61226 | Vaults:5 | Gained mutation: You have a pair of small horns on your
                  | head. [potion of mutation]
 61226 | Vaults:5 | Gained mutation: You are agile. (Dex +2) [potion of
                  | mutation]
 61227 | Vaults:5 | Lost mutation: You have sharp toenails. [potion of
                  | mutation]
 61227 | Vaults:5 | Lost mutation: You are agile. (Dex +2) [potion of mutation]
 61227 | Vaults:5 | Lost mutation: You are covered in thick fur. (AC +2)
                  | [potion of mutation]
 61227 | Vaults:5 | Gained mutation: You are dopey. (Int -2) [potion of
                  | mutation]
 61227 | Vaults:5 | Gained mutation: Your skin changes colour to match your
                  | surroundings (Stealth+). [potion of mutation]
 61227 | Vaults:5 | Gained mutation: Your muscles are strong. (Str +2) [potion
                  | of mutation]
 61378 | Vaults:5 | Got a silver rune of Zot
 61499 | Vaults:5 | Got a polished long sword
 61500 | Vaults:5 | Identified the cursed +1 long sword "Cuoceboy" {protect,
                  | rN+} (You found it on level 5 of the Vaults)
 61506 | Vaults:5 | Got a warped ruby amulet
 61507 | Vaults:5 | Identified the amulet of Idimonu {Acrobat Int+2 Dex+5} (You
                  | found it on level 5 of the Vaults)
 62057 | Zot:1    | Entered Level 1 of the Realm of Zot
 62146 | Zot:1    | Reached skill level 23 in Invocations
 62275 | Zot:1    | Reached XP level 27. HP: 207/227 MP: 42/42
 62362 | Zot:1    | You fall into a shaft and drop 1 floor!
 63028 | Zot:2    | Identified the cursed +0 large shield of Time Monsters {rF+
                  | rC- rN+ Dex+4}
 63516 | Zot:2    | Got a polished plate armour
 63517 | Zot:2    | Identified the +10 plate armour "Xaihun" {Stlth+} (You
                  | found it on level 2 of the Realm of Zot)
 64317 | Zot:2    | Lost mutation: You have a pair of small horns on your head.
                  | [potion of mutation]
 64317 | Zot:2    | Lost mutation: You are frail. (-10% HP) [potion of
                  | mutation]
 64317 | Zot:2    | Lost mutation: Your muscles are strong. (Str +2) [potion of
                  | mutation]
 64317 | Zot:2    | Lost mutation: You have an increased reservoir of magic.
                  | (+10% MP) [potion of mutation]
 64317 | Zot:2    | Gained mutation: You are agile. (Dex +2) [potion of
                  | mutation]
 64317 | Zot:2    | Gained mutation: You passively map a small area around you.
                  | [potion of mutation]
 64317 | Zot:2    | Gained mutation: You are partially covered in iridescent
                  | scales. (AC +2) [potion of mutation]
 64355 | Zot:3    | Reached skill level 5 in Evocations
 65801 | Zot:4    | Learned a level 4 spell: Summon Lightning Spire
 65803 | Zot:4    | Learned a level 1 spell: Summon Butterflies
 65812 | Zot:5    | Entered Level 5 of the Realm of Zot
 65867 | Zot:5    | Reached skill level 1 in Summonings
 65965 | Zot:5    | Got a translucent scale mail
 65966 | Zot:5    | Identified the +0 scale mail of the Valley {rElec} (You
                  | found it on level 5 of the Realm of Zot)
 66245 | Zot:5    | Noticed an ancient lich
 66265 | Zot:5    | Noticed an ancient lich
 66265 | Zot:5    | Noticed an orb of fire
 66267 | Zot:5    | Gained mutation: You tend to lose your temper in combat.
                  | [an orb of fire]
 66281 | Zot:5    | Killed an ancient lich
 66283 | Zot:5    | Killed an ancient lich
 66294 | Zot:5    | Gained mutation: Your spells are a little easier to cast,
                  | but a little less powerful. [an orb of fire]
 66298 | Zot:5    | Gained mutation: Your magical capacity is low. (-10% MP)
                  | [an orb of fire]
 66301 | Zot:5    | Lost mutation: You are agile. (Dex +2) [an orb of fire]
 66302 | Zot:5    | Killed an orb of fire
 66306 | Zot:5    | Noticed an orb of fire
 66313 | Zot:5    | Gained mutation: Armour fits poorly on your strangely
                  | shaped body. [an orb of fire]
 66328 | Zot:5    | Gained mutation: Scrolls take you a little longer to read.
                  | [an orb of fire]
 66330 | Zot:5    | Gained mutation: You often lose your temper in combat. [an
                  | orb of fire]
 66345 | Zot:5    | Killed an orb of fire
 66483 | Zot:5    | Was forgiven by Beogh
 66725 | Zot:5    | Got a dazzling hat
 66736 | Zot:5    | Identified the +0 hat "Sef Xuf" {rC+} (You acquired it on
                  | level 5 of the Realm of Zot)
 67312 | Zot:5    | Reached skill level 24 in Invocations
 67340 | Zot:5    | Noticed an orb of fire
 67354 | Zot:5    | Gained mutation: You are occasionally teleported next to
                  | monsters. [an orb of fire]
 67355 | Zot:5    | Gained mutation: You passively map the area around you. [an
                  | orb of fire]
 67358 | Zot:5    | Gained mutation: You are clumsy. (Dex -2) [an orb of fire]
 67369 | Zot:5    | Killed an orb of fire
 67386 | Zot:5    | Reached skill level 5 in Summonings
 67785 | Zot:5    | Noticed an orb of fire
 67802 | Zot:5    | Noticed an orb of fire
 67825 | Zot:5    | Gained mutation: Scrolls take you longer to read. [an orb
                  | of fire]
 67830 | Zot:5    | Killed an orb of fire
 67831 | Zot:5    | Gained mutation: Your magical capacity is very low. (-20%
                  | MP) [an orb of fire]
 67837 | Zot:5    | Gained mutation: Your spells are easier to cast, but less
                  | powerful. [an orb of fire]
 67843 | Zot:5    | Gained mutation: You are sometimes teleported next to
                  | monsters. [an orb of fire]
 67850 | Zot:5    | Gained mutation: You are frail. (-10% HP) [an orb of fire]
 67854 | Zot:5    | Killed an orb of fire
 68167 | Zot:5    | Got the Orb of Zot
 68198 | Zot:5    | Noticed Quridu Hisai the pandemonium lord
 68225 | Zot:5    | Noticed Wesykiac the pandemonium lord
 68240 | Zot:5    | Killed Quridu Hisai the pandemonium lord
 68263 | Zot:5    | Killed Wesykiac the pandemonium lord
 68282 | Zot:5    | Noticed a seraph
 68372 | Depths:5 | Noticed Napraf the pandemonium lord
 68705 | D:7      | Noticed a seraph
 68892 | D:$      | Escaped with the Orb!

Levels and vault maps discovered:
D:1:      lightli_arrival_quake, layout_basic, chequers_serial_rivers_micro_a
D:2:      layout_loops_ring, overflow_temple_1_default, lightli_temple_of_fire,
          uniq_crazy_yiuf_cottage
D:3:      layout_basic
D:4:      layout_loops_cross, overflow_temple_1_default, serial_shops,
          nicolae_shop_trees, uniq_duvessa, uniq_blork_the_orc, uniq_grinder
D:5:      layout_basic, minmay_temple_entry_slanted, gammafunk_ghost_icy,
          first_ration
D:6:      layout_cave_pods, basic_altar, uniq_edmund
D:7:      layout_cave_pods, cheibrodos_ashenzari_chains,
          gammafunk_temple_overflow_wave, enter_bailey_3, serial_shops,
          kennysheep_mini_moat, grunt_ogre_cave
D:8:      layout_basic, nicolae_qazlal_eye_of_the_storm
D:9:      layout_cave_pods, ebering_ghost_inner_flame
D:10:     layout_roguey, orc_0_dummy
D:11:     minmay_firetagon, layout_basic, david_lair_shrubbed
D:12:     layout_basic, uniq_fannar
D:13:     layout_cross, uniq_sonja
D:14:     layout_roguey, david_vaults_3, chequers_jeans
D:15:     grunt_enter_depths_hoard, layout_cave_pools, basic_altar,
          gauntlet_entry_generic, kb_rosetta
Temple:   nicolae_temple_elliptical
Lair:1:   layout_cave_shapes
Lair:2:   layout_regular_city
Lair:3:   wander_river, layout_layer_cave, minmay_shoals_entry_beasts,
          beast_lair_carwin_1
Lair:4:   layout_regular_city, dummy_snake_entry, portal_ice_cave_demonic_guard
Lair:5:   layout_gridlike, ebering_ghost_rock_garden, infiniplex_staircase_pool,
          minmay_lair_oklob_chamber
Lair:6:   cheibrodos_lair_end_hotspot, layout_misc_corridors, slime_altar_1
Shoals:1: layout_shoals, uniq_roxanne, uniq_louise
Shoals:2: layout_shoals, serial_shops, nicolae_shop_stone, uniq_jorgrun,
          uniq_polyphemus
Shoals:3: layout_shoals, serial_shops, shop_fountains,
          nicolae_shoals_undead_eyrie
Shoals:4: shoals_end_simple, layout_shoals
Snake:1:  layout_misc_corridors, serial_bayou_crossing
Snake:2:  layout_honeycomb
Snake:3:  nicolae_snake_nest, layout_misc_corridors, ebering_ghost_inner_flame,
          uniq_nikola
Snake:4:  snake_pit, layout_misc_corridors, serial_shops, shop
Orc:1:    layout_caves, uniq_snorg
Orc:2:    grunt_orc_gardens, layout_caves, grunt_orc_garden, grunt_orc_garden,
          grunt_orc_garden, grunt_orc_garden
Elf:1:    eino_elf_arrival_altar, layout_loops_corners, minmay_elf_demonology,
          nicolae_elf_big_sculpture_2, hangedman_summoners_spam
Elf:2:    layout_onion_city, serial_shops, nicolae_shop_stone,
          bh_hangedman_babel_library
Vaults:1: st_greater_box_4, v_rooms_6, dpeg_vaults_monster_box,
          nicolae_vaults_network_periphery, hangedman_vaults_stream,
          v_pattern_1, vaults_room_door_hall, vaults_mumra_chevron,
          vaults_room_pools, ontoclasm_vaults_gateway, layout_vaults_maze_bifur
Vaults:2: grunt_vaults_hallway_short, vaults_room_large_hall,
          vaults_room_octagon, v_alt_pattern_6, v_misc_26,
          nicolae_vaults_big_angled_halls, hangedman_vaults_maws,
          ontoclasm_vaults_shuriken, st_smaller_cells,
          nicolae_vaults_twisting_passages, vaults_room_ringed_pool,
          ontoclasm_vaults_tryst, nicolae_vaults_three_branches,
          minmay_crypt_entry_necro_gods, grunt_vaults_hallway_short,
          serial_ice_h, vaults_dpeg_ring, nicolae_vaults_little_squares_3,
          layout_vaults_omnibox, uniq_xtahua, uniq_donald
Vaults:3: vaults_mumra_lcd, grunt_vaults_focal, nicolae_vaults_network_star,
          nicolae_vaults_murderbox, vaults_room_fancy_cross, v_pattern_3,
          dpeg_vaults_monster_row, nicolae_vaults_asterisk,
          hangedman_vaults_impose, v_misc_27, v_alt_pattern_5,
          ontoclasm_vaults_loading_screen, vaults_room_door_ring,
          layout_vaults_big_cross
Vaults:4: v_misc_4, vaults_mumra_minichess_inversion, v_misc_2,
          vaults_room_door_hall, vaults_room_grunt_arrival_checkpoint,
          hangedman_vaults_hat, nicolae_vaults_little_ls,
          ontoclasm_vaults_loading_screen, nicolae_vaults_little_squares_2,
          nicolae_vaults_diagonal_hallway_6, layout_vaults_ring, enter_trove_3,
          serial_shops, shop
Vaults:5
Crypt:1:  minmay_guarded_unrand_sceptre_of_torment, layout_chaotic_city,
          grunt_crypt_arrival_webbed, uniq_mennas, uniq_mara, uniq_boris
Crypt:2:  layout_regular_city
Crypt:3:  cryptofortress_bobbens
Depths:1: layout_cave_pools, enter_ziggurat_b, hell_entry,
          hangedman_decor_points, dk_noncrumbling_3, minivault_11,
          minmay_misc_feat_iff, grunt_decor_resistance, nrook_pool_corridor,
          nrook_mini_backslash, minivault_15, minmay_starry_boxes
Depths:2: minmay_the_grid_triangle_9x9_rhombus_full
          [minmay_the_grid_triangle_9x9_pentomino_pain,
          minmay_the_grid_triangle_9x9_sprig,
          minmay_the_grid_triangle_9x9_corrupted_corridor,
          minmay_the_grid_triangle_9x9_fully_insulated_deathbox,
          minmay_the_grid_triangle_9x9_tough_junction,
          minmay_the_grid_triangle_9x9_thin_v,
          minmay_the_grid_triangle_9x9_subtriangle,
          minmay_the_grid_triangle_9x9_prize_center], layout_twisted_cross,
          hangedman_abyss_entry_splay, hell_entry, uniq_asterion
Depths:3: cheibrodos_leafed_vault, layout_gridlike, grunt_pan_entry_spiral,
          pf_hell_entry_tar_river, infiniplex_staircase_zigzag_1
Depths:4: impenetrable_vault, layout_long_grid, abyss_entry_crystal,
          serial_shops, freezing_bzr, old_standard_altar, hell_entry, pan_entry,
          hangedman_blasphemy
Depths:5: grunt_zot_entry_tricorne, layout_gridville,
          pf_vacation_house_of_asmodeus, minmay_misc_feat_hallway,
          grunt_ministairs_9, roderic_serpentine_path, drop_trap,
          minmay_serpent_palace, uniq_margery
Zot:1:    layout_misc_corridors
Zot:2:    layout_misc_corridors
Zot:3:    layout_gridlike, amethyst_zot_foddershock
Zot:4:    layout_misc_corridors
Zot:5:    layout_basic

Skill      XL: |  1  2  3  4  5  6  7  8  9 10 11 12 13 14 15 16 17 18 19 20 21 22 23 24 25 26 27 |
---------------+----------------------------------------------------------------------------------+-----
Armour         | 1 2 3 4 5 7 8 9 10 11 12 13 14 15 16 17 18 19 20 21 | 21.2
Fighting       | 4 5 6 7 8 9 10 11 13 14 15 16 17 18 19 20 21 23 | 23.0
Dodging        | 3 4 5 6 7 8 9 10 11 12 13 | 13.3
Axes           | 5 6 7 9 10 11 12 14 15 16 17 18 | 18.0
Invocations    | 1 2 3 5 7 9 10 11 13 14 15 16 17 18 19 20 21 22 23 24 | 24.2
Shields        | 1 4 6 7 9 10 11 12 13 14 15 | 15.0
Necromancy     | 2 4 6 7 |  7.0
Earth Magic    | 2 4 6 7 9 10 11 12 13 14 | 14.9
Charms         | 2 4 5 |  5.0
Transmutations | 2 3 4 5 7 8 9 10 12 | 12.0
Air Magic      | 2 3 5 |  5.0
Spellcasting   | 2 3 4 5 7 8 9 10 11 | 11.9
Evocations     | 3 7 |  7.0
Summonings     | 6 |  6.0
Stealth        | |  1.5

Action                   |  1- 3 |  4- 6 |  7- 9 | 10-12 | 13-15 | 16-18 | 19-21 | 22-24 | 25-27 || total
-------------------------+-------+-------+-------+-------+-------+-------+-------+-------+-------++-------
Melee: Hand axe          |   137 |    12 |       |       |       |       |       |       |       ||   149
       Quarterstaff      |       |   112 |       |       |       |       |       |       |       ||   112
       Dire flail        |       |    10 |   240 |       |       |       |       |       |       ||   250
       Flail             |       |     2 |   119 |   428 |   499 |    14 |       |       |       ||  1062
       Broad axe         |       |       |       |       |   151 |   779 |   970 |   955 |  1962 ||  4817
       Headbutt          |       |       |       |       |       |       |       |   177 |   398 ||   575
Throw: Throwing net      |       |       |       |       |       |       |       |       |     4 ||     4
 Cast: Regeneration      |       |       |       |       |       |       |       |    12 |       ||    12
       Statue Form       |       |       |       |       |       |       |       |     1 |       ||     1
       Song of Slaying   |       |       |       |       |       |       |       |       |     2 ||     2
       Summon Butterflie |       |       |       |       |       |       |       |       |     1 ||     1
Invok: Convert to Beogh  |       |     1 |       |       |       |       |       |       |       ||     1
       Smiting           |       |       |     2 |     1 |     2 |    18 |       |     9 |       ||    32
       Recall Orcish Fol |       |       |     5 |    11 |    13 |    21 |    21 |    16 |     1 ||    88
       Stop Recall       |       |       |       |     1 |       |       |       |       |       ||     1
       Give Item to Name |       |       |       |     4 |     2 |     3 |     3 |     3 |     1 ||    16
       Resurrection      |       |       |       |       |     1 |       |     1 |     1 |       ||     3
       Summon Divine War |       |       |       |       |       |       |       |       |    10 ||    10
       Brand Weapon With |       |       |       |       |       |       |       |       |     1 ||     1
       Cleansing Flame   |       |       |       |       |       |       |       |       |    22 ||    22
Evoke: Wand              |       |       |     9 |       |     2 |     2 |       |     2 |     4 ||    19
       Lightning rod     |       |       |       |       |       |       |       |     3 |     4 ||     7
       Lamp of fire      |       |       |       |       |       |       |       |     2 |     1 ||     3
  Use: Scroll            |       |    10 |     2 |    13 |    11 |    22 |    13 |    13 |    24 ||   108
       Potion            |       |     2 |     6 |     2 |    11 |    21 |     7 |    24 |    16 ||    89
 Stab: Sleeping          |     6 |       |       |       |       |       |       |       |       ||     6
       Petrified         |       |     4 |       |       |       |       |       |       |       ||     4
       Paralysed         |       |     3 |       |       |     2 |       |       |       |       ||     5
       Confused          |       |     1 |       |       |       |       |       |     2 |       ||     3
       Distracted        |       |       |       |     4 |    15 |    13 |     6 |    12 |       ||    50
       Invisible         |       |       |       |     2 |     4 |       |       |     1 |       ||     7
  Eat: Chunk             |     4 |     7 |    10 |    12 |    15 |    11 |    23 |    26 |    21 ||   129
       Ration            |       |       |     1 |     3 |     7 |     7 |     3 |       |    10 ||    31
Armor: Robe              |    30 |       |       |       |       |       |       |       |       ||    30
       Plate armour      |    23 |   157 |   285 |     2 |    79 |   360 |   279 |   346 |   647 ||  2178
       Chain mail        |       |       |       |   244 |   270 |       |       |       |       ||   514
       Skin              |       |       |       |       |       |     6 |       |       |       ||     6
       Gold dragon scale |       |       |       |       |       |       |       |     2 |       ||     2
Dodge: Dodged            |    79 |    69 |   129 |   123 |   237 |   211 |   177 |   342 |   869 ||  2236
Block: Shield            |       |       |   106 |   361 |   659 |   676 |   526 |   660 |  1568 ||  4556
       Reflection        |       |       |    41 |    14 |    67 |    94 |    74 |    61 |    18 ||   369
